 Dungeon Crawl Stone Soup version 0.28.0-53-g5a82cb258f (webtiles) character file.

Game seed: 4784823139223419896

267 Zeld the Conjurer (level 6, 0/32 HPs)
             Began as a Deep Elf Conjurer on May 24, 2022.
             Was an Initiate of Vehumet.
             Slain by an iguana (6 damage)
             ... on level 5 of the Dungeon.
             The game lasted 00:04:25 (6177 turns).

Zeld the Conjurer (Deep Elf Conjurer)               Turns: 6177, Time: 00:04:25

Health: 0/32       AC:  4    Str:  4    XL:     6   Next: 0%
Magic:  13/16      EV: 12    Int: 25    God:    Vehumet [......]
Gold:   162        SH:  0    Dex: 13    Spells: 5/16 levels left

rFire   . . .      SeeInvis .   a - +2 short sword (elec)
rCold   . . .      Faith    .   (no shield)
rNeg    . . .      Spirit   .   c - +0 robe
rPois   .          Reflect  .   m - +0 helmet
rElec   .          Harm     .   k - +0 cloak
rCorr   .          Rampage  .   (no gloves)
Will    .....                   (no boots)
Stlth   ++........              i - amulet of regeneration
HPRegen 0.90/turn               (no ring)
MPRegen 0.15/turn               (no ring)

@: no status effects
A: no striking features
a: Renounce Religion


You were on level 5 of the Dungeon.
You worshipped Vehumet.
Vehumet was noncommittal.
You visited 2 branches of the dungeon, and saw 6 of its levels.

You collected 162 gold pieces.

Inventory:

Hand Weapons
 a - a +2 short sword of electrocution (weapon)
Armour
 c - a +0 robe (worn)
 k - a +0 cloak (worn)
 m - a +0 helmet (worn)
Jewellery
 i - an amulet of regeneration (around neck)
Scrolls
 d - 2 scrolls of magic mapping {unknown}
 e - a scroll of amnesia {unknown}
 j - a scroll of holy word {unknown}
 l - a scroll of fear {unknown}
 n - 3 scrolls of identify {unknown}
 r - 2 scrolls of teleportation {unknown}
 s - a scroll of vulnerability {unknown}
 t - a scroll of enchant armour {unknown}
 u - a scroll of noise {unknown}
Potions
 b - 2 potions of magic {unknown}
 f - a potion of curing {unknown}
 g - a potion of might {unknown}
 h - 2 potions of brilliance {unknown}
 o - a potion of lignification {unknown}
 p - a potion of degeneration {unknown}
 q - 3 potions of flight {unknown}


   Skills:
 - Level 2.4 Dodging
 - Level 2.4 Stealth
 + Level 5.7 Spellcasting
 + Level 6.1 Conjurations
 - Level 2.0 Hexes
 - Level 2.0 Translocations


You had 5 spell levels left.
You knew the following spells:

 Your Spells              Type           Power      Damage    Failure   Level
a - Magic Dart            Conj           100%       1d8       1%          1
b - Searing Ray           Conj           74%        2d7       1%          2
c - Fulminant Prism       Conj/Hex       13%        3d9       14%         4
d - Iskenderun's Mystic   Conj/Tloc      27%        2d7       14%         4

Your spell library contained the following spells:

 Spells                   Type           Power      Damage    Failure   Level
 Dazzling Flash           Conj/Hex       54%        N/A       4%          3
 Beastly Appendage        Tmut           14%        N/A       8%          1
 Ensorcelled Hibernation  Hex/Ice        24%        N/A       8%          2
 Confusing Touch          Hex            17%        N/A       10%         3
 Passwall                 Tmut/Erth      5%         N/A       12%         2
 Sublimation of Blood     Necr           7%         N/A       12%         2
 Wereblood                Tmut           7%         N/A       12%         2
 Spider Form              Tmut/Pois      7%         N/A       22%         3
 Swiftness                Air            7%         N/A       22%         3
 Yara's Violent Unravell  Hex/Tmut       6%         3d5       80%         5
 Enfeeble                 Hex            8%         N/A       100%        7
 Summon Hydra             Summ           3%         N/A       100%        7


Dungeon Overview and Level Annotations

Branches:
Dungeon (5/15)             Temple (1/1) D:5

Altars:
Ashenzari
Cheibriados
Dithmenos
Elyvilon
Fedhas
Gozag
Hepliaklqana
Kikubaaqudgha
Makhleb
Nemelex Xobeh
Okawaru
Qazlal
Ru
Sif Muna
Trog
Uskayaw
Vehumet
Wu Jian
Xom
Yredelemnul
Zin
The Shining One


Message History

Press: ? - help, Shift-Dir - straight line, f/p - bullfrog zombie
Aim: a bullfrog zombie (severely damaged, 88% to hit)
The searing ray hits the bullfrog zombie!
You destroy the bullfrog zombie!
Vehumet accepts your kill. (Press . to maintain the ray.)
Your Conjurations skill increases to level 6!
You have reached level 6!
Magic restored.
There is an open door here.
Things that are here:
a +0 short sword; an orc corpse An iguana comes into view.
An iguana is nearby!
You enter the shallow water.
Moving in this stuff is going to be slow.
The iguana hisses angrily.
An iguana is nearby!
An iguana is nearby!
You see here 3 poisoned darts.
You closely miss the iguana. Your punch misses the iguana.
The iguana bites you!
You hit the iguana.
The iguana is lightly wounded.
The iguana bites you!
You are too injured to fight recklessly!
Casting: Searing Ray (safe; 1% risk of failure)
Confirm with . or Enter, or press ? or * to list all spells.
Aiming: Searing Ray (safe; 1% risk of failure)
Press: ? - help, Shift-Dir - straight line, f - iguana
Aim: an iguana (lightly wounded, 83% to hit)
The searing ray hits the iguana.
The iguana is moderately wounded. (Press . to maintain the ray.)
The iguana bites you!
* * * LOW HITPOINT WARNING * * *
The searing ray hits the iguana.
The iguana is heavily wounded.
The iguana bites you.
You die...

.###........########..##..#......
.......#..###......#####.....###.
..........##.........###.....###.
.##..#.#..#...........##.........
..........#............#......##.
+##..#....#....≈≈≈≈≈...##........
..#..#....#...≈..).≈....#........
..+..#....#....≈l≈.≈....##....##.
..#..#....#....≈@$..≈...##....##.
..........##...≈≈≈≈≈....#........
..#..#...###............###...[..
.##........##......)....# #....(.
.##..##..##.##.........#####.<...
.............###......##.# #.....
..#............####'###..# #.....
..#.###..##.......#...##.# #....#
..#.####.##..##..###..##.###....#


You could see an iguana.

Vanquished Creatures
  A bullfrog zombie (D:5)
  A hound (D:5)
  A jelly (D:5)
  An iguana (D:5)
  An orc wizard (D:3)
  A gnoll (D:1)
  3 adders (D:2)
  2 ufetubi (D:5)
  A worm (D:2)
  A dart slug (D:3)
  7 orcs
  8 ball pythons
  4 bats
  2 endoplasms
  2 giant cockroaches (D:2)
  6 goblins
  9 hobgoblins
  6 kobolds
  2 quokkas
  4 frilled lizards
  8 rats
  4 toadstools (D:1)
75 creatures vanquished.

Notes
Turn   | Place    | Note
-------+----------+-------------------------------------------
     0 | D:1      | Zeld the Deep Elf Conjurer began the quest for the Orb.
     0 | D:1      | Reached XP level 1. HP: 10/10 MP: 6/6
    60 | D:1      | Reached skill level 1 in Hexes
    60 | D:1      | Reached skill level 1 in Translocations
    60 | D:1      | Reached XP level 2. HP: 15/15 MP: 2/8
    92 | D:1      | Learned a level 2 spell: Searing Ray
   558 | D:1      | Found a faded altar of an unknown god.
  1158 | D:1      | Reached XP level 3. HP: 19/19 MP: 9/9
  3307 | D:2      | Reached XP level 4. HP: 24/24 MP: 3/11
  3431 | D:2      | Reached skill level 5 in Conjurations
  3824 | D:3      | Learned a level 4 spell: Fulminant Prism
  3841 | D:3      | Learned a level 4 spell: Iskenderun's Mystic Blast
  4881 | D:4      | Reached XP level 5. HP: 21/28 MP: 14/14
  5002 | D:5      | Entered Level 5 of the Dungeon
  5159 | D:5      | Reached skill level 5 in Spellcasting
  5441 | D:5      | Found a staircase to the Ecumenical Temple.
  5613 | Temple   | Entered the Ecumenical Temple
  5786 | Temple   | Became a worshipper of Vehumet
  6055 | D:5      | Found a blossoming altar of Fedhas.
  6104 | D:5      | Reached skill level 6 in Conjurations
  6104 | D:5      | Reached XP level 6. HP: 32/32 MP: 7/16
  6177 | D:5      | Slain by an iguana

Illustrated notes

Levels and vault maps discovered:
D:1:      ldierk_water_garden, layout_basic,
          hellmonk_ecumenical_altar_arch_garden
D:2:      layout_basic, kennysheep_cross_bottleneck, lemuel_flame_loot_1
D:3:      layout_rooms
D:4:      layout_loops_corners
D:5:      layout_basic, marbit_many_paths, minmay_temple_entry_butterflies,
          chequers_serial_rivers_room_b, kennysheep_potato
Temple:   kilobyte_greek_temple

Skill      XL: |  1  2  3  4  5 |
---------------+----------------+-----
Hexes          | 1 2 |  2.0
Translocations | 1 2 |  2.0
Spellcasting   | 4 5 |  5.7
Conjurations   | 5 6 |  6.1
Dodging        | |  2.4
Stealth        | |  2.4

Action                   |  1- 3 |  4- 6 || total
-------------------------+-------+-------++-------
Melee: Unarmed           |    23 |       ||    23
       Short sword       |    91 |    45 ||   136
       Punch             |     1 |     1 ||     2
 Cast: Magic Dart        |    10 |     2 ||    12
       Searing Ray       |     8 |    15 ||    23
 Stab: Sleeping          |     5 |       ||     5
Armor: Robe              |    14 |    21 ||    35
Dodge: Dodged            |    73 |    46 ||   119
